 Dungeon Crawl Stone Soup version 0.26-a0-712-ga5a9c9c9d0 (webtiles) character file.

Game seed: 3551269224676158193

56 kae the Insei (level 3, 0/26 HPs)
             Began as a Demonspawn Transmuter on Nov 10, 2020.
             Succumbed to an adder's poison
             ... on level 3 of the Dungeon.
             The game lasted 00:01:48 (1777 turns).

kae the Insei (Demonspawn Transmuter)               Turns: 1777, Time: 00:01:48

Health: 0/26       AC:  5    Str: 11    XL:     3   Next: 69%
Magic:  6/6        EV: 12    Int: 14    God:
Gold:   49         SH:  0    Dex: 13    Spells: 3/7 levels left

rFire    . . .     SeeInvis .     - Unarmed
rCold    . . .     Faith    .   (no shield)
rNeg     . . .     Spirit   .   a - +0 robe
rPois    .         Reflect  .   (no helmet)
rElec    .         Harm     .   b - +2 cloak
rCorr    .         Rampage  .   (no gloves)
MR       .....                  (no boots)
Stlth    +.........             (no amulet)
HPRegen  0.08/turn              (no ring)
MPRegen  0.10/turn              (no ring)

@: mighty, lethally poisoned (0 -> -2), berserk cooldown, slowed, very slow
A: hooves 1, rot immunity
a: no special abilities


You were on level 3 of the Dungeon.
You visited 1 branch of the dungeon, and saw 3 of its levels.

You collected 49 gold pieces.

Inventory:

Armour
 a - a +0 robe (worn)
 b - a +2 cloak (worn)
Jewellery
 g - an uncursed ring of positive energy
Scrolls
 l - a scroll of fear
Potions
 c - 3 potions of magic
 d - a potion of stabbing


   Skills:
 + Level 1.4 Fighting
 + Level 2.0 Dodging
 * Level 3.2 Unarmed Combat
 * Level 2.5 Spellcasting
 * Level 2.3 Transmutations
 * Level 0.4 Poison Magic


You had 3 spell levels left.
You knew the following spells:

 Your Spells              Type           Power        Failure   Level
a - Beastly Appendage     Tmut           #.....       9%          1
b - Spider Form           Tmut/Pois      #.........   36%         3

Your spell library contained the following spells:

 Spells                   Type           Power        Failure   Level
 Wereblood                Tmut           #.......     13%         2
 Ice Form                 Ice/Tmut       #.......     80%         4
 Blade Hands              Tmut           #.........   93%         5


Dungeon Overview and Level Annotations

Branches:
Dungeon (3/15)

Altars:
Nemelex Xobeh


Innate Abilities, Weirdness & Mutations

You have large cloven feet.
You are immune to rotting.


Message History

It is a scroll of identify.
g - an uncursed ring of positive energy
* * * LOW HITPOINT WARNING * * *
You feel sick.
As you read the scroll labeled PIGEIPNUON, it crumbles to dust.
The scroll dissolves into smoke.
It was a scroll of fog.
* * * LOW HITPOINT WARNING * * *
You feel sick.
* * * LOW HITPOINT WARNING * * *
You feel sick.
* * * LOW HITPOINT WARNING * * *
You feel sick.
* * * LOW HITPOINT WARNING * * *
You feel sick.
Found a stone staircase leading down.
* * * LOW HITPOINT WARNING * * *
You feel sick.
* * * LOW HITPOINT WARNING * * *
You feel sick.
You die...

# #)....# # ##.#### #§#
#§# # ###§# .# ##§§§#
###.##### ##§§###
#.......# #
#.§§#########.#...#.#
'...............@.......
####...#########>#...#.#
# #..... #....## #.##.#
#.#### #. #.. #.# #. ###
#.# #.. #.#


There were no monsters in sight!

Vanquished Creatures
  2 adders
  An ooze (D:1)
  A dart slug (D:1)
  A leopard gecko (D:1)
  A ball python (D:1)
  A giant cockroach (D:2)
  3 goblins
  5 hobgoblins
  2 jackals (D:2)
  3 kobolds
  6 bats
  5 rats
31 creatures vanquished.

Notes
Turn   | Place    | Note
-------+----------+-------------------------------------------
     0 | D:1      | kae the Demonspawn Transmuter began the quest for the Orb.
     0 | D:1      | Reached XP level 1. HP: 15/15 MP: 3/3
   269 | D:1      | Found a sparkling altar of Nemelex Xobeh.
   391 | D:1      | Gained mutation: You are immune to rotting. [demonic
                  | ancestry]
   391 | D:1      | Reached XP level 2. HP: 21/21 MP: 5/5
   958 | D:2      | Reached skill level 3 in Unarmed Combat
  1047 | D:2      | Lost mutation: You have razor-sharp toenails. [demonic
                  | ancestry]
  1047 | D:2      | Lost mutation: You have sharp toenails. [demonic ancestry]
  1047 | D:2      | Gained mutation: You have large cloven feet. [demonic
                  | ancestry]
  1047 | D:2      | Reached XP level 3. HP: 22/26 MP: 6/6
  1055 | D:2      | Learned a level 3 spell: Spider Form
  1775 | D:3      | HP: 1/26 [poisoned by an adder]
  1777 | D:3      | Succumbed to an adder's poison

Illustrated notes

Levels and vault maps discovered:
D:1:      onia_arrival_mini_maze, layout_loops_ring,
          nemelex_xobeh_ov_fountains_minmay
D:2:      layout_rooms
D:3:      layout_loops_corners

Skill      XL: |  1  2  3 |
---------------+----------+-----
Transmutations | 2 |  2.3
Unarmed Combat | 3 |  3.2
Dodging        | 2 |  2.0
Fighting       | |  1.4
Spellcasting   | |  2.5
Poison Magic   | |  0.4

Action                   || total
-------------------------++-------
Melee: Unarmed           ||   102
       Kick              ||    18
       Headbutt          ||    11
 Cast: Beastly Appendage ||    24
  Use: Scroll            ||     7
       Potion            ||     6
Armor: Robe              ||    44
Dodge: Dodged            ||    77

Table legend: (Time is in decaauts)
 A = Elapsed time spent in this place.
 B = Non-inter-level travel time spent in this place.
 C = Inter-level travel time spent in this place.
 D = Time resting spent in this place.
 E = Time spent auto-exploring this place.
 F = Levels seen in this place.
 G = Mean time per level.
                   A        B        C        D        E       F      G
               +--------+--------+--------+--------+--------+-----+--------+
         Total |   1777 |   1701 |     76 |    264 |   1131 |   3 |  592.3 |
       Dungeon |   1777 |   1701 |     76 |    264 |   1131 |   3 |  592.3 |
               +--------+--------+--------+--------+--------+-----+--------+

Top non-repeatable levels by time:
     D:1: 919 daAuts
     D:2: 733 daAuts
     D:3: 124 daAuts
